AoeStats
← 天机

Runestones

507433948Analyzed
1v1 RM · 15d ago on Sep 18, 2026· 46m 47s· 2 players
Game mode
Random Map
Map size
Tiny (2 player)
Population
200
Speed
Normal
Resources
Standard
Victory
Conquest
Starting age
Dark Age
Ending age
Imperial Age
RankedLock teamsTeams togetherTeam positionsShared explorationLock speedFull tech treeHidden civsTurbo modeCheats
Victory
Defeat
🇦🇷 Tatars · Argentina
1105
+15
🇨🇳 Chinese · China
1088
-15
天机
0:27 Loom
9:42 Feudal Age
10:09 Double-Bit Axe
18:21 Fletching
22:25 Castle Age
20:58 Padded Archer Armor
21:46 Horse Collar
22:31 Elite Skirmisher
24:01 Heavy Plow
25:40 Bloodlines
27:09 Husbandry
27:18 Scale Barding Armor
29:52 Bodkin Arrow
29:57 Gold Mining
34:52 Imperial Age
33:06 Bow Saw
35:11 Wheelbarrow
35:50 Chain Barding Armor
35:39 Cavalier
37:43 Ballistics
39:16 Chemistry
40:09 Bracer
44:20 Chain Barding Armor
44:57 Town Watch
46:14 Thumb Ring
46:47 Plate Barding Armor
PedritoFurioso
7:13 Loom
10:05 Feudal Age
12:42 Fletching
15:07 Double-Bit Axe
17:34 Padded Archer Armor
20:02 Wheelbarrow
24:08 Castle Age
22:44 Bloodlines
22:21 Horse Collar
22:31 Gold Mining
22:37 Stone Mining
23:56 Gold Mining
24:13 Scale Barding Armor
25:16 Bow Saw
25:07 Heavy Plow
25:39 Heavy Plow
25:58 Bow Saw
36:05 Hand Cart
36:05 Town Watch
36:11 Town Watch
39:29 Imperial Age
39:35 Imperial Age
38:55 Gold Shaft Mining
38:22 Husbandry
38:45 Chain Barding Armor
38:35 Forging
38:21 Bodkin Arrow
38:41 Leather Archer Armor
39:33 Chain Barding Armor
39:23 Forging
39:34 Husbandry
39:45 Cavalier
41:02 Plate Barding Armor
40:26 Heavy Cavalry Archer
43:54 Conscription
43:41 Silk Armor
44:00 Leather Archer Armor
43:40 Bodkin Arrow
44:35 Cavalier
45:05 Crossbowman
45:46 Bracer
Connection lost

Rejoining the realm…

Still unreachable

The connection could not be restored.

Session expired

The server has moved on; the page needs a fresh start.